 Dungeon Crawl Stone Soup version 0.29.1-15-g9cfb28693d (webtiles) character file.

Game seed: 6223604916840084021

21 boopmooplesden the Twirler (level 2, -1/25 HPs)
             Began as a Minotaur Gladiator on Mar 20, 2023.
             Slain by Sigmund
             ... wielding a +0 scythe
              (11 damage)
             ... on level 2 of the Dungeon.
             The game lasted 00:01:39 (923 turns).

boopmooplesden the Twirler (Minotaur Gladiator)      Turns: 923, Time: 00:01:39

Health: -1/25      AC:  3    Str: 18    XL:     2   Next: 62%
Magic:  1/1        EV: 12    Int:  5    God:
Gold:   79         SH:  0    Dex: 11    Spells: 1/1 levels left

rFire   . . .      SeeInvis .   a - +1 quarterstaff
rCold   . . .      Faith    .   (shield currently unavailable)
rNeg    . . .      Spirit   .   h - +0 leather armour
rPois   .          Reflect  .   c - +0 hat
rElec   .          Harm     .   (no cloak)
rCorr   .          Rampage  .   (no gloves)
Will    .....                   (no boots)
Stlth   +.........              (no amulet)
HPRegen 0.08/turn               (no ring)
MPRegen 0.07/turn               (no ring)

@: no status effects
A: horns 2, retaliatory headbutt
a: no special abilities


You were on level 2 of the Dungeon.
You visited 1 branch of the dungeon, and saw 2 of its levels.

You collected 79 gold pieces.

Inventory:

Hand Weapons
 a - a +1 quarterstaff (weapon)
 b - a +0 sling
Missiles
 d - 3 throwing nets (quivered)
 e - a javelin
Armour
 c - a +0 hat (worn)
 h - a +0 leather armour (worn)
 l - a +0 chain mail
Scrolls
 k - a scroll of identify
Potions
 f - a potion of magic
 g - a potion of mutation {unknown}
 i - a potion of lignification {unknown}
 j - a potion of might {unknown}


   Skills:
 + Level 2.5 Fighting
 + Level 4.0 Staves
 + Level 0.2 Ranged Weapons
 + Level 2.0 Throwing
 + Level 0.5 Armour
 + Level 3.8 Dodging


You had one spell level left.
You didn't know any spells.
Your spell library contained the following spells:

 Spells                   Type           Power      Damage    Failure   Level
 Shock                    Conj/Air       0%         1d3       54%         1
 Call Canine Familiar     Summ           0%         N/A       88%         3
 Portal Projectile        Hex/Tloc       0%         N/A       88%         3
 Swiftness                Air            0%         N/A       88%         3
 Airstrike                Air            0%         2d(0-16)  99%         4
 Leda's Liquefaction      Hex/Erth       0%         N/A       99%         4


Dungeon Overview and Level Annotations

Branches:
Dungeon (2/15)

Altars:

Annotations:
D:2 Sigmund


Innate Abilities, Weirdness & Mutations

You have a pair of horns on your head.
You reflexively headbutt those who attack you in melee.


Message History

Aim: a jackal (43% to hit)
You shoot a sling bullet.
The sling bullet barely misses the jackal.
The jackal bites you. x2
Really attack while wielding your +0 sling? [Y]es or [N]o only, please.
Really attack while wielding your +0 sling? [Y]es or [N]o only, please.
Really attack while wielding your +0 sling?
Okay, then.
a - a +1 quarterstaff (weapon)
The jackal closely misses you. The jackal misses you.
You hit the jackal.
You kill the jackal!
The jackal closely misses you.
The jackal bites you but does no damage.
Your Staves skill increases to level 4!
The jackal closely misses you.
You see here a jackal corpse.
You closely miss the jackal. Your headbutt misses the jackal.
A jackal comes into view.
The jackal closely misses you. The jackal barely misses you.
Something hits you but does no damage.
The jackal barks!
You sock the jackal!
You kill the jackal!
A magic dart appears from out of thin air!
The magic dart hits you!
You see here a jackal corpse.
Something hits you.
You see here a jackal corpse.
You hear some strange, mumbled words.
A magic dart appears from out of thin air!
The magic dart hits you. Something barely misses you.
You hit something. Your headbutt misses something.
A hobgoblin comes into view.
The hobgoblin shouts!
You hit something. Something hits you!
You die...

.... ....# #.# .......
...# ##'# ....... ...
##... g⌠~~~. ###.#
##....
P...~.######.#.#
##.....
#P~.#†.......###..<...
#.⌠..†.........'......
#.~.#h###....###......
#PP.{@###..#.####.....
..P..⌠.#)#.......#
##....
~~PP~~.#.#.#.##.##
##...
.......#.#.#.#### ##'#
.......#.#.#.# #.#
.#######.....# #.#
###.### ##.#
##.####### ##...
##........# #....


You could see a jackal and a hobgoblin.

Vanquished Creatures
  2 dart slugs
  2 bats (D:1)
  2 endoplasms (D:1)
  3 hobgoblins (D:1)
  2 jackals (D:2)
  2 ball pythons
  A frilled lizard (D:1)
  A kobold (D:2)
  A rat (D:1)
16 creatures vanquished.

Notes
Turn   | Place    | Note
-------+----------+-------------------------------------------
     0 | D:1      | boopmooplesden the Minotaur Gladiator began the quest for
                  | the Orb.
     0 | D:1      | Reached XP level 1. HP: 18/18 MP: 0/0
   269 | D:1      | Reached XP level 2. HP: 25/25 MP: 1/1
   907 | D:2      | Noticed Sigmund
   915 | D:2      | Reached skill level 4 in Staves
   923 | D:2      | Slain by Sigmund

Illustrated notes

Levels and vault maps discovered:
D:1:      dpeg_arrival_tiny_e, layout_rooms
D:2:      layout_loops_corners, serial_shops, shop, nicolae_shop_crystal, shop,
          shop, shapermc_ecumenical_altar_acropolis, roderic_roman_lattice,
          minmay_door_square, uniq_sigmund, uniq_jessica

Skill      XL: |  1  2 |
---------------+-------+-----
Staves         | 4 |  4.0
Fighting       | |  2.5
Ranged Weapons | |  0.2
Throwing       | |  2.0
Armour         | |  0.5
Dodging        | |  3.8

Action                   || total
-------------------------++-------
Melee: Quarterstaff      ||    24
       Headbutt          ||     2
 Fire: Sling             ||    14
  Use: Scroll            ||     4
Armor: Leather armour    ||    12
Dodge: Dodged            ||    25
